[Event "Czech Open-GM 2022"]
[Site "Pardubice"]
[Date "2022.07.25"]
[Round "4.39"]
[White "Rabatin, Jakub"]
[Black "Rakshitta Ravi"]
[Result "1-0"]
[ECO "A06"]
[WhiteElo "2349"]
[BlackElo "2185"]
[Annotator "TA"]
[PlyCount "113"]
[EventDate "2022.07.22"]
[EventType "swiss"]
[EventCountry "CZE"]
[SourceTitle "playchess.com"]
[Source "ChessBase"]
[SourceQuality "1"]
[TimeControl "40/5400+30:1800+30"]

1. Nf3 d5 2. g3 Nd7 3. d4 b5 4. a4 b4 5. Bg2 e6 6. O-O Ngf6 7. Nbd2 {[%emt 0:01:41][%cal Oe2e4] D02: 1 d4 d5 2 Nf3 sidelines, including 2...Nf6 3 g3 and 2...Nf6 3 Bf4.} (7. c4 $5) 7... c5 8. e4 {[#]} dxe4 $146 ({Predecessor:} 8... cxd4 9. exd5 Nxd5 10. Nxd4 Bb7 11. Nc4 Rc8 12. Qe2 Qc7 13. Nxe6 fxe6 14. Qxe6+ Be7 15. Re1 {1-0 (15) Mozharov,M (2564)-Schlosser,P (2579) Pardubice 2015}) 9. Ng5 {[%emt 0:14:14] White has an edge.} Ba6 10. Re1 h6 (10... Be7 $11 {is superior.}) 11. Ngxe4 $16 cxd4 $2 (11... Rc8 $16) 12. Nxf6+ $18 Nxf6 {[%emt 0:00:22] [#]} 13. Bc6+ $1 Nd7 14. Nb3 Rc8 15. Nxd4 Rxc6 (15... Bc4 {was necessary.} 16. Be3 Be7) 16. Nxc6 Qf6 17. Qd4 (17. Re4 $142) 17... Bb7 18. Qxf6 gxf6 19. Nd4 Bc5 20. Nb3 Bd6 21. Be3 Ne5 {[%emt 0:03:02] [#]} 22. Nd4 ({Resist} 22. Bxa7 $6 Nf3+ 23. Kf1 Ba6+ 24. Kg2 Nxe1+ 25. Rxe1 Ke7 $14) (22. Nd2 $1 $18) 22... Bc5 (22... h5 $16 {is a better defense.}) 23. Red1 Bxd4 24. Bxd4 Nf3+ 25. Kf1 Nxh2+ 26. Ke1 h5 (26... Nf3+ $142 27. Ke2 Ne5) 27. Bxf6 O-O 28. Rd8 Rxd8 29. Bxd8 {[%emt 0:00:02][%mdl 4096] Endgame KRB-KBN} Nf3+ 30. Ke2 Nd4+ 31. Kd3 e5 32. Bf6 Ba6+ 33. Kd2 Kh7 34. f4 Nf3+ 35. Ke3 Nd4 36. Ke4 Nxc2 37. Rc1 b3 38. Bxe5 Kg6 39. Kf3 {[%emt 0:00:45] Hoping for Rd1.} Kf5 (39... Bc8 $142 40. Ke4 Bf5+ 41. Kd5 Bd7) 40. Rd1 Bb7+ 41. Kf2 Bc6 {[%emt 0:35:27] Inhibits Rd7.} 42. a5 Ke4 43. Rh1 Nb4 44. Rxh5 Bb5 45. Bc3 {[%emt 0:00:00] White threatens Re5+ and mate.} Nd3+ 46. Kg2 Bc6 47. Rh6 Bb7 48. Rd6 Ke3+ (48... Nc5 $142 49. Kh2 a6) 49. Kh2 Bc8 50. Rd8 Be6 51. Ra8 Nf2 52. Rxa7 {[%emt 0:00:00] aiming for Re7.} Kf3 53. a6 Ne4 54. Bd4 Nxg3 55. Re7 {[%emt 0:01:05][%cal Oe7e6] Rxe6! would kill now.} Ne2 {[%emt 0:00:00] [#]} 56. Rxe6 $1 Nxd4 (56... fxe6 57. Bb6) 57. Rb6 {[%emt 0:00:24] Weighted Error Value: White=0.18 (very precise) /Black=0.33} 1-0

[Event "Czech Open-GM 2022"]
[Site "Pardubice"]
[Date "2022.07.25"]
[Round "4.40"]
[White "Stauskas, Lukas"]
[Black "Zaehringer, Daniel"]
[Result "1/2-1/2"]
[ECO "D31"]
[WhiteElo "2348"]
[BlackElo "2166"]
[Annotator "TA"]
[PlyCount "119"]
[EventDate "2022.07.22"]
[EventType "swiss"]
[EventCountry "CZE"]
[SourceTitle "playchess.com"]
[Source "ChessBase"]
[SourceQuality "1"]
[TimeControl "40/5400+30:1800+30"]

1. d4 d5 2. c4 e6 3. Nc3 c6 4. e4 dxe4 5. Nxe4 Bb4+ 6. Bd2 Qxd4 7. Bxb4 Qxe4+ 8. Be2 Na6 9. Bd6 (9. Ba5 $5 Bd7 10. Nf3 $11) 9... Qxg2 {[%emt 0:01:07] D31: Queen's Gambit Declined: Semi-Slav without ...Nf6 (+ Marshall Gambit and Noteboom) and Exchange Variation lines without ...Nf6.} 10. Qd2 $1 Nf6 (10... Qxh1 $2 11. O-O-O e5 12. Bxe5 $18) 11. Bf3 Qg6 {[%emt 0:00:14] White must now prevent ...Ne4.} 12. O-O-O $40 {[%emt 0:00:44][%mdl 128] And now Ne2 would win. Black needs to defend precisely.} e5 $1 {[%emt 0:08:35] Strongly threatening ...e4.} (12... Ne4 $2 13. Bxe4 Qf6 14. Nf3 $18) 13. Bxe5 {[%emt 0:01:49][%csl Gd1][%cal Rd2d8] This bishop pair is nice.} O-O (13... Be6 $5 ) 14. Ne2 {[%emt 0:04:15][%mdl 1024] Rhg1 is the strong threat. White has compensation.} Bg4 15. Rhg1 {[%emt 0:30:48] [#]} (15. Bxg4 $1 $14 Nxg4 16. Rhg1) 15... h5 $146 ({Predecessor:} 15... Bxf3 16. Rxg6 hxg6 17. Bxf6 gxf6 18. Qe3 Bg4 19. f3 Rfe8 20. Qf2 Be6 21. Qh4 Kg7 {1-0 (30) Vavrak,P (2428)-Volodin,V (2254) Tatranske Zruby 2007}) 16. h3 Qf5 (16... Rad8 $1 $11 {and Black has nothing to worry.} 17. Nd4 (17. Qxd8 Rxd8 18. Rxd8+ Kh7 $11) 17... c5 18. hxg4 Nb4) 17. Qf4 $1 $18 Qxf4+ 18. Nxf4 Bxf3 19. Bxf6 g6 (19... Bxd1 20. Rxg7+ Kh8 21. Rxf7+ Kg8 22. Rg7+ Kh8 23. Ng6#) 20. Rd7 (20. Rd3 $18 {and the rest is easy.}) 20... Be4 $16 (20... Nc5 $2 21. Rxg6+ $1 Kh7 22. Rg7+ Kh6 23. Rdxf7 Rxf7 24. Rxf7 $18) 21. Be7 {[%emt 0:00:23] Prevents Nc5. 0x0.0024972c0e46dp-1022s more active pieces. The black rooks are badly placed.} ({Resist} 21. Rxb7 Nc5 22. Rc7 Rfc8 23. Rxc8+ Rxc8 $14) 21... Bf5 22. Rxb7 Rfb8 23. Rxb8+ Rxb8 24. Nxh5 Nb4 $1 25. b3 (25. Bxb4 $5 Rxb4 26. b3 $14) 25... Nd3+ 26. Kd2 {[%emt 0:00:14] next Ng3 is good for White.} Nxf2 27. Nf6+ Kg7 28. h4 Ne4+ 29. Nxe4 Bxe4 $14 {[%emt 0:00:04][%mdl 4096] Endgame KRB-KRB} 30. Kc3 f5 31. h5 (31. Bc5 $16) 31... Kf7 $1 $11 32. Bd6 Rg8 33. hxg6+ (33. h6 {is interesting.} g5 34. h7 Rh8 35. Rxg5 Rxh7 36. Kd4) 33... Rxg6 34. Rxg6 Kxg6 {[%emt 0:00:01] KB-KB} 35. Bb8 Kf6 (35... a6 $11) 36. Bxa7 $16 Ke6 37. Kd4 Kd7 38. Bb8 Kc8 39. Bf4 Kb7 40. Kc5 Bf3 41. Kb4 Be4 42. Be3 Bf3 43. Kc3 Be4 44. Kd2 Bb1 45. a4 Be4 46. b4 Bg2 47. b5 Bf1 48. Kc3 Be2 49. Kb4 Bf1 50. Kc5 Bg2 {[%emt 0:00:29] [#]} (50... cxb5 $1 $14 51. axb5 (51. cxb5 f4 $11) 51... f4) 51. Kd6 ({White should play} 51. b6 $1 $16) 51... Bf3 52. b6 {[%emt 0:01:19] Hoping for a5.} Be2 53. Kc5 Bf1 54. a5 Be2 55. a6+ ({White should try} 55. Bf4 $16) 55... Kxa6 $14 56. Kxc6 (56. Kd6 $14 Kb7 57. c5) 56... Bxc4 $11 {[%emt 0:00:24] The position is equal.} 57. b7 Bd5+ $1 58. Kxd5 Kxb7 59. Ke5 Kc6 60. Kxf5 {[%emt 0:00:04] Weighted Error Value: White=0.19 (very precise) /Black=0.17 (very precise)} 1/2-1/2

[Event "Czech Open-GM 2022"]
[Site "Pardubice"]
[Date "2022.07.25"]
[Round "4.42"]
[White "Stinka, Jakub"]
[Black "Hajiyev, Kanan"]
[Result "1-0"]
[ECO "D35"]
[WhiteElo "2335"]
[BlackElo "2142"]
[Annotator "TA"]
[PlyCount "69"]
[EventDate "2022.07.22"]
[EventType "swiss"]
[EventCountry "CZE"]
[SourceTitle "playchess.com"]
[Source "ChessBase"]
[SourceQuality "1"]
[TimeControl "40/5400+30:1800+30"]

1. d4 d5 2. c4 e6 3. Nc3 Nf6 4. cxd5 exd5 5. Bg5 Be7 6. e3 c6 7. Qc2 O-O 8. Bd3 Nbd7 9. Nge2 Re8 10. O-O Nf8 11. f3 c5 {[%emt 0:26:04] 11...g6 is the modern continuation.} (11... g6 $11) 12. Rad1 {[%emt 0:07:59] White is more active. D36: Queen's Gambit Declined: Exchange Variation: Main line (5 Bg5 c6 6 Qc2).} ({White should play} 12. Bxf6 $16 Bxf6 13. dxc5) 12... c4 $14 13. Bf5 Bxf5 14. Qxf5 {[%emt 0:00:05] Hoping for Bxf6. White is slightly better.} g6 15. Qc2 Ne6 16. Bh4 (16. Bxf6 $5 Bxf6 17. e4 $16) 16... Qd7 {[%emt 0:01:37][%cal Of6g4] [#]} 17. e4 $146 ({Predecessor:} 17. Kh1 Ng4 18. fxg4 Bxh4 19. e4 Nc7 20. exd5 Nxd5 21. Nxd5 Qxd5 22. Nf4 Qc6 23. d5 {1-0 (48) Juergens,V (2240)-Flear,C (2170) Athens 1989}) 17... Nxe4 18. fxe4 {[#] Strongly threatening Bxe7.} Bxh4 19. Nxd5 b5 20. a4 f5 {[%emt 0:01:21] White leaves nothing to chance now.} ({Better is} 20... bxa4 $14 21. Nec3 (21. Qxc4 Rec8 $14) 21... a3) 21. axb5 $16 fxe4 22. Qxc4 ({Don't play} 22. Qxe4 Nc7 23. Qxh4 Nxd5 $14) 22... Rac8 23. Qb3 Rb8 (23... Kh8 $16) 24. Ndc3 $18 {[%emt 0:01:13] Pair of Knights!} Kg7 (24... Bd8 $16 25. Nxe4 Rxb5) 25. d5 ({Resist} 25. Nxe4 $6 Rxb5 26. Qc3 Rd5 $18) 25... Nc7 26. Qc4 Nxb5 27. Nxe4 {[%emt 0:03:13] Nf4 is the strong threat.} Qe7 (27... Nd6 $142 28. Nxd6 Qxd6) 28. N2c3 Nxc3 29. Qxc3+ Kg8 $2 {[%emt 0:02:46] [#]} (29... Qe5 {was necessary.}) 30. Rf4 Bg5 (30... Qb4) 31. d6 Qd8 32. Qc4+ {[%emt 0:02:58] White mates.} Kh8 33. Qd4+ Kg8 34. Qd5+ Kh8 35. Nxg5 {[%emt 0:00:31] Weighted Error Value: White=0.13 (very precise) /Black=0.79} 1-0

[Event "Czech Open-GM 2022"]
[Site "Pardubice"]
[Date "2022.07.25"]
[Round "4.43"]
[White "Bouska, Jiri"]
[Black "Nguyen, Alex Dac-Vuong"]
[Result "1/2-1/2"]
[ECO "C01"]
[WhiteElo "2157"]
[BlackElo "2318"]
[Annotator "TA"]
[PlyCount "81"]
[EventDate "2022.07.22"]
[EventType "swiss"]
[EventCountry "CZE"]
[SourceTitle "playchess.com"]
[Source "ChessBase"]
[SourceQuality "1"]
[TimeControl "40/5400+30:1800+30"]

1. e4 e6 2. d4 d5 3. exd5 exd5 4. Nf3 Nf6 5. Bd3 c5 6. c3 Nc6 {[%emt 0:01:05] B22: Sicilian: 2 c3.} 7. O-O c4 8. Bc2 Bg4 {[%emt 0:02:49] White is slightly better.} 9. Re1+ Be7 10. Nbd2 O-O 11. Nf1 Re8 12. Ng3 Bd6 {[%emt 0:02:52] [#]} 13. Bd2 $146 ({Predecessor:} 13. Rxe8+ Qxe8 14. Bg5 Nh5 15. Nxh5 Bxh5 16. Be3 b5 17. Qe2 a5 18. Re1 Qd8 19. h3 {1-0 (58) Shubenkova,V (1762)-Shuvalov,E (2182) Chess.com INT 2021}) 13... Qc7 14. Rxe8+ Rxe8 15. h3 Bd7 16. Nf5 Bxf5 17. Bxf5 Ne4 18. Qc2 g6 19. Bxe4 Rxe4 20. Be3 b5 21. b3 Qa5 (21... Re8 $142) 22. a4 $11 Re8 23. b4 Qb6 24. axb5 Qxb5 25. Qa4 Rb8 (25... Qxa4 $11 {deserves consideration.} 26. Rxa4 Rb8) 26. Qxb5 (26. Qd1 $1 $14) 26... Rxb5 27. Ra6 Rb6 28. Rxb6 axb6 {[%emt 0:00:02][%mdl 4096] Endgame KBN-KBN} 29. Ne1 Na7 30. Nc2 Nb5 31. Bd2 f5 32. g3 {[%emt 0:01:44] Against f4} Kf7 33. Kg2 Ke6 34. Kf3 Bf8 35. h4 h5 36. Ne1 {[%emt 0:02:59] The position is equal.} Nd6 37. Ng2 Ne4 38. Nf4+ Kf7 $1 39. Be1 Nf6 40. Ke2 Bh6 41. f3 {[%emt 0:05:53] Weighted Error Value: White=0.08 (flawless) /Black=0.08 (flawless)} (41. Kf3 $11 {keeps the balance.}) 1/2-1/2

[Event "Czech Open-GM 2022"]
[Site "Pardubice"]
[Date "2022.07.25"]
[Round "4.44"]
[White "Michelle Catherina, P."]
[Black "Kistrup, Nicolai"]
[Result "1/2-1/2"]
[ECO "C44"]
[WhiteElo "2141"]
[BlackElo "2310"]
[Annotator "TA"]
[PlyCount "103"]
[EventDate "2022.07.22"]
[EventType "swiss"]
[EventCountry "CZE"]
[SourceTitle "playchess.com"]
[Source "ChessBase"]
[SourceQuality "1"]
[TimeControl "40/5400+30:1800+30"]

1. e4 e5 2. Nf3 Nc6 3. g3 Nf6 4. d3 d5 5. exd5 Nxd5 6. Bg2 Bc5 {[%emt 0:09:25] C44: Ponziani Opening and Scotch Gambit.} 7. O-O Nde7 {[%emt 0:10:07] [#]} 8. a3 $146 ({Predecessor:} 8. Nbd2 O-O 9. Nc4 f6 10. Be3 Bxe3 11. Nxe3 Be6 12. h4 Qd7 13. Kh2 Rad8 14. Rh1 {0-1 (38) Amato de Vercosa Cha,J (1851)-De Souza,R Tijuca 2012}) 8... a5 {[%emt 0:02:06] Against b4} 9. Nc3 Nf5 10. Bd2 f6 11. Ne4 Be7 12. Qb1 O-O 13. b4 axb4 14. axb4 Rxa1 15. Qb3+ Kh8 16. Rxa1 Nfd4 17. Nxd4 Nxd4 18. Qb1 Be6 (18... f5 {looks sharper.} 19. Nc5 f4 20. Qd1 f3) 19. c4 (19. Be3 $11) 19... Bg4 $15 20. Kh1 Bf3 (20... f5 $15 21. Nc5 b6) 21. Bc3 $11 Bxg2+ 22. Kxg2 b6 23. Qb2 f5 24. Bxd4 Qxd4 25. Qxd4 exd4 {[%emt 0:00:04][%mdl 4096] Endgame KRB-KRN} 26. Nd2 Bxb4 27. Nf3 Ba5 28. Nxd4 Rd8 (28... Bc3 $5 29. Ne6 Bxa1 30. Nxf8 c6 $11) 29. Nc6 Rxd3 30. Nxa5 bxa5 31. Rxa5 $14 {[%emt 0:00:06] [#] Ra8+ would kill now. KR-KR} g6 32. Rc5 Rd7 33. Kf3 Kg7 34. Kf4 Re7 35. f3 h6 36. Rc6 Kf7 $1 37. h3 ({Better is} 37. g4 $14 fxg4 38. fxg4) 37... Re6 $1 $11 {[%emt 0:00:39] The position is equal.} 38. Rxc7+ Kf6 {[%emt 0:00:05][%csl Gf6,Gh6][%cal Rg6g5] [#]} 39. g4 {Strongly threatening gxf5.} g5+ 40. Kg3 f4+ 41. Kf2 Ra6 42. Rd7 Ra2+ 43. Ke1 Rc2 44. Rd6+ Ke5 45. Rxh6 Kd4 {[%emt 0:02:00] White must now prevent ...Ke3.} 46. Re6 Kd3 47. Re4 Rc1+ 48. Kf2 Rc2+ 49. Kf1 Rc1+ 50. Kf2 Rc2+ 51. Kf1 Rc1+ 52. Kf2 {Weighted Error Value: White=0.10 (very precise) /Black=0.09 (flawless)} 1/2-1/2

[Event "Czech Open-GM 2022"]
[Site "Pardubice"]
[Date "2022.07.26"]
[Round "5.1"]
[White "Stachowiak, Kamil"]
[Black "Brodowski, Piotr"]
[Result "1/2-1/2"]
[ECO "E61"]
[WhiteElo "2476"]
[BlackElo "2450"]
[Annotator "TA"]
[PlyCount "34"]
[EventDate "2022.07.22"]
[EventType "swiss"]
[EventCountry "CZE"]
[SourceTitle "playchess.com"]
[Source "ChessBase"]
[SourceQuality "1"]
[TimeControl "40/5400+30:1800+30"]

1. d4 Nf6 2. c4 g6 3. Nc3 Bg7 4. Nf3 O-O 5. Bg5 h6 6. Bh4 d6 7. e3 Nbd7 8. Be2 c6 9. O-O $1 {[%emt 0:00:16] 9.0-0 is better than 9.Qc2.} Qc7 {[%emt 0:00:22] [#]} (9... g5 $11 10. Bg3 Nh5) {Predecessor:} 10. h3 $146 {E61: King's Indian: Early deviations for White, including Smyslov System.} e5 11. Qc2 Re8 12. Rfd1 Nf8 13. Rac1 Bf5 14. Qb3 g5 15. Bg3 Ng6 16. c5 dxc5 17. dxe5 Nh5 {0-1 (67) Gozzoli,Y (2583)-Popov,M (2369) Chess.com INT 2016} 1/2-1/2

[Event "Czech Open-GM 2022"]
[Site "Pardubice"]
[Date "2022.07.26"]
[Round "5.2"]
[White "Donchenko, Alexander"]
[Black "Tahay, Alexis"]
[Result "1-0"]
[ECO "D38"]
[WhiteElo "2640"]
[BlackElo "2393"]
[Annotator "TA"]
[PlyCount "53"]
[EventDate "2022.07.22"]
[EventType "swiss"]
[EventCountry "CZE"]
[SourceTitle "playchess.com"]
[Source "ChessBase"]
[SourceQuality "1"]
[TimeControl "40/5400+30:1800+30"]

1. d4 Nf6 2. Nf3 e6 3. c4 d5 4. Nc3 Bb4 5. Qa4+ Nc6 6. e3 O-O 7. Bd2 dxc4 {[%emt 0:02:17] D38: Queen's Gambit Declined: Ragozin Defence (4 Nf3 Bb4).} 8. Bxc4 Bd6 9. Qc2 (9. Nb5 {with more complications.} e5 10. Bc3 Ne4 11. Bd5) 9... e5 {[%emt 0:01:00] The position is equal.} 10. dxe5 Nxe5 11. Nxe5 Bxe5 12. f4 Bxc3 13. Bxc3 Ng4 {[%emt 0:00:32] [#]} 14. Qe2 $146 ({Predecessor:} 14. Bd4 c5 15. Bxc5 Re8 16. O-O Nxe3 17. Bxe3 Rxe3 18. Qf2 Re8 19. Rad1 Qf6 20. f5 {½-½ (37) Xiong,J (2685)-So,W (2778) Chess.com INT 2022}) 14... Re8 15. e4 Qe7 16. O-O-O Nh6 (16... Nf6 $11) 17. h3 $16 {[%emt 0:16:48] 0x0.001eb84d9c92dp-1022s more active pieces. The black rooks are badly placed.} Be6 18. Bd3 {[%emt 0:00:30] This bishop pair is nice.} Bxa2 19. g4 $36 {[%emt 0:12:14][%mdl 2048] Qc2 is the strong threat. White is on the roll.} Qc5 {[%emt 0:25:46] [#] A mistake that costs the game.} (19... Bb3 $16) 20. Qc2 $1 $18 {[%emt 0:02:09] And now g5 would win.} ({Weaker is} 20. Bc2 f6 $14) 20... Qb6 21. b4 Rad8 (21... a5 $142) 22. Rhe1 (22. Qxa2 $142 Qe3+ 23. Kc2) 22... Rxd3 $2 (22... Be6 23. g5 Bxh3) 23. Rxd3 ({Don't play} 23. Qxd3 f6 24. e5 f5 $18) 23... Bc4 24. Rg3 Qd6 25. Bd2 {[%emt 0:01:51] White is clearly winning.} Qd4 26. Qc3 Qf2 27. g5 {[%emt 0:00:32] Weighted Error Value: White=0.26 (precise) /Black=0.42} 1-0

[Event "Czech Open-GM 2022"]
[Site "Pardubice"]
[Date "2022.07.26"]
[Round "5.3"]
[White "Niedbala, Bartlomiej"]
[Black "Stocek, Jiri"]
[Result "1/2-1/2"]
[ECO "B60"]
[WhiteElo "2381"]
[BlackElo "2548"]
[Annotator "TA"]
[PlyCount "59"]
[EventDate "2022.07.22"]
[EventType "swiss"]
[EventCountry "CZE"]
[SourceTitle "playchess.com"]
[Source "ChessBase"]
[SourceQuality "1"]
[TimeControl "40/5400+30:1800+30"]

1. e4 c5 2. Nf3 d6 3. d4 cxd4 4. Nxd4 Nf6 5. Nc3 Nc6 6. Bg5 a6 7. Nxc6 {[%emt 0:02:48] B60: Sicilian: Richter-Rauzer: Unusual Black 6th moves and 6...Bd7 without 7 Qd2.} bxc6 8. Bc4 Qa5 9. Bxf6 {[%emt 0:20:38] White is slightly better.} gxf6 10. Qd2 Rg8 {[%emt 0:03:38] [#]} 11. f4 $146 ({Predecessor:} 11. f3 Rg6 12. O-O-O Bh6 13. f4 f5 14. Bd3 Rb8 15. exf5 Qb4 {0-1 (15) Sharov,S (1092)-Parente,A (1251) LSS email 2012}) 11... f5 {[%emt 0:07:47] next ...fxe4 is good for Black.} 12. exf5 Bg7 (12... Rb8 $5 ) 13. g3 (13. Bd3 $11) 13... Bxf5 $15 14. O-O-O Rb8 15. Bb3 Bxc3 16. Qxc3 Qxc3 17. bxc3 Rb5 18. Rhe1 Kf8 19. Kd2 h5 20. Bc4 Ra5 21. Rb1 {[%emt 0:00:48] Rb8+ is the strong threat.} d5 22. Re5 e6 23. Bd3 f6 24. Rb8+ Ke7 25. Rxg8 fxe5 26. fxe5 Kf7 27. Rg5 Bxd3 {[%emt 0:01:14] The position is equal.} 28. Kxd3 h4 29. gxh4 {[%emt 0:03:37] [#] Threatens to win with Rg4.} Ra4 {[%emt 0:05:57] Prevents Rg4.} 30. Rh5 {[%emt 0:03:47] Weighted Error Value: White=0.16 (very precise) /Black=0.11 (very precise)} 1/2-1/2

[Event "Czech Open-GM 2022"]
[Site "Pardubice"]
[Date "2022.07.26"]
[Round "5.4"]
[White "Harsha Bharathakoti"]
[Black "Stalmach, Richard"]
[Result "1/2-1/2"]
[ECO "E92"]
[WhiteElo "2547"]
[BlackElo "2363"]
[Annotator "TA"]
[PlyCount "108"]
[EventDate "2022.07.22"]
[EventType "swiss"]
[EventCountry "CZE"]
[SourceTitle "playchess.com"]
[Source "ChessBase"]
[SourceQuality "1"]
[TimeControl "40/5400+30:1800+30"]

1. d4 Nf6 2. c4 g6 3. Nc3 Bg7 4. e4 d6 5. Nf3 O-O 6. Be2 e5 7. Be3 exd4 8. Nxd4 Re8 9. Qc2 c6 10. O-O Qe7 {[%emt 0:00:07][%cal Rf6e4] E94: King's Indian: Classical: 6 Be2 e5 7 0-0: Various Black 7th moves.} 11. Rae1 {[%emt 0:01:08] [#]} Nxe4 $146 ({Predecessor:} 11... Nbd7 12. Qd2 Nc5 13. f3 a5 14. Bf2 Nfd7 15. Rd1 a4 16. Rfe1 Ne5 17. Nc2 Bf8 18. Ne3 {1-0 (36) Harikrishna,P (2686)-Markus,R (2606) Banja Vrucica 2009}) 12. Nxe4 Qxe4 13. Qd2 Bd7 14. b4 {[%emt 0:39:28][%mdl 1024] White has compensation.} Qe7 15. Bf3 Qd8 16. Bf4 Be5 17. Bg5 {[%emt 0:01:09] Inhibits Qh4.} (17. Bxe5 $14 dxe5 18. Nb5) 17... Qc8 18. c5 f6 19. Bf4 d5 20. Bd1 Qc7 (20... a5 $15 21. Bxe5 Rxe5) 21. Bg3 (21. Bh6 $5 ) 21... Bxg3 22. fxg3 Na6 23. Rxf6 (23. Be2 $11) 23... Rxe1+ $15 24. Qxe1 Re8 {[%emt 0:00:04][%cal Ba8e8,Be8e3,Be3c3,Bc3c4][%mdl 32] Inhibits Qe7.} 25. Qd2 Qe5 26. Rf1 Qe3+ 27. Qxe3 Rxe3 28. Nc2 Rc3 29. Rf3 {[%emt 0:00:07] [#]} Rc4 30. Rf4 {[%emt 0:00:05] Against Bg4} Bf5 31. Rxc4 dxc4 32. a3 Bxc2 33. Bxc2 {[%emt 0:00:01][%mdl 4096] Endgame KB-KN} Kf7 {[%emt 0:01:01] Strongly threatening ...Nc7.} 34. Kf2 Ke6 35. Ke3 Ke5 36. h4 $1 Nc7 {[%emt 0:00:32] aiming for ...Nb5.} 37. h5 gxh5 38. Bxh7 Nd5+ (38... Nb5 $1 $15) 39. Kd2 $11 {[%emt 0:00:02] [#]} Kd4 ({Better is} 39... Nf6 $1 $17 40. Bg6 Ne4+ 41. Ke3 Nxg3) 40. Bg6 Nf6 {[%emt 0:00:23] Threatens to win with ...Ne4+.} 41. Kc2 a5 42. bxa5 {[%emt 0:06:21] The position is equal.} Kxc5 43. Kc3 Kb5 44. Kd4 $1 Kxa5 {[%emt 0:07:33] Hoping for ...b5.} 45. Kxc4 Ka4 46. Kc5 Kxa3 47. Kb6 Kb4 48. Kxb7 c5 49. Kc6 Kc4 50. Bf7+ Kd4 {[%emt 0:04:09] White must now prevent ...c4.} 51. Kb5 {[%emt 0:00:26] Against c4} Ne4 52. Bxh5 c4 53. Kb4 c3 {[%emt 0:01:24] And now ...c2 would win.} 54. Kb3 Nxg3 {[%emt 0:00:10] Weighted Error Value: White=0.09 (flawless) /Black=0.14 (very precise)} 1/2-1/2

[Event "Czech Open-GM 2022"]
[Site "Pardubice"]
[Date "2022.07.26"]
[Round "5.5"]
[White "Dixit, Nikhil"]
[Black "Noe, Christopher"]
[Result "1/2-1/2"]
[ECO "B12"]
[WhiteElo "2325"]
[BlackElo "2505"]
[Annotator "TA"]
[PlyCount "31"]
[EventDate "2022.07.22"]
[EventType "swiss"]
[EventCountry "CZE"]
[SourceTitle "playchess.com"]
[Source "ChessBase"]
[SourceQuality "1"]
[TimeControl "40/5400+30:1800+30"]

1. e4 c6 2. d4 d5 3. e5 c5 4. dxc5 Nc6 5. Nf3 Bg4 6. c3 {[%emt 0:09:12] B12: Caro-Kann: Advance Variation.} e6 7. Be3 {[%emt 0:05:29] 7.b4 is not played anymore.} Nge7 8. Bb5 {[%emt 0:08:24] seems to push 8.Nbd2 aside.} Qc7 {[%emt 0:00:44] has lost popularity (8...Nf5).} (8... Qa5 $5 9. Ba4 Bxf3 10. gxf3 Nf5 $11) 9. Nbd2 Nf5 10. Bd4 a6 11. Ba4 {[%emt 0:09:39] [#]} Be7 $146 ({Predecessor:} 11... O-O-O 12. Bxc6 Qxc6 13. b4 Be7 14. a4 g5 15. h3 Bxf3 16. Qxf3 h5 17. Qd3 Qc7 {0-1 (81) Zhigalko,S (2572)-Babazada,K (2431) Chess.com INT 2022}) 12. O-O Nh4 13. h3 Bh5 14. g3 Nxf3+ 15. Nxf3 O-O 16. Qd3 {[%emt 0:04:53] Weighted Error Value: White=0.06 (flawless) /Black=0.10 (very precise)} 1/2-1/2

[Event "Czech Open-GM 2022"]
[Site "Pardubice"]
[Date "2022.07.26"]
[Round "5.6"]
[White "Hansch, Karsten"]
[Black "Moksh Amit Doshi"]
[Result "0-1"]
[ECO "B94"]
[WhiteElo "2320"]
[BlackElo "2409"]
[Annotator "TA"]
[PlyCount "82"]
[EventDate "2022.07.22"]
[EventType "swiss"]
[EventCountry "CZE"]
[SourceTitle "playchess.com"]
[Source "ChessBase"]
[SourceQuality "1"]
[TimeControl "40/5400+30:1800+30"]

1. e4 c5 2. Nf3 d6 3. d4 cxd4 4. Nxd4 Nf6 5. Nc3 a6 6. Bg5 Nbd7 7. Bc4 {[%emt 0:01:19] 7.Qe2 is setting a new trend.} Qb6 {[%emt 0:00:18] B94: Sicilian Najdorf: 6 Bg5 Nbd7.} 8. Bb3 e6 9. Bxf6 Nxf6 {[%emt 0:00:46] The position is equal.} 10. Qd2 {[%emt 0:00:40] 10.f4 is not played anymore.} Be7 11. O-O-O Qc7 {[%emt 0:02:47] [#]} 12. Rhe1 $146 (12. g4 $5) ({Predecessor:} 12. f4 b5 13. a3 Bb7 14. Rhe1 O-O 15. g4 Nd7 16. g5 Nc5 17. Kb1 Rfb8 18. f5 {1-0 (33) Vasquez Schroder,R (2441)-Chigaev,M (2598) Chess.com INT 2020}) 12... b5 13. Ndxb5 axb5 $17 14. Nxb5 Qb8 15. Nxd6+ Bxd6 16. Qxd6 Qxd6 17. Rxd6 Ke7 18. e5 Ng4 19. Rd4 h5 ({Resist} 19... Nxh2 20. Rh4 $16) ({But not} 19... Nxf2 20. Rf4 $16) 20. h3 Nh6 {[%emt 0:00:05] White is on the road to losing.} ({Don't play} 20... Nxf2 21. Rf4 $16) 21. Red1 Ra5 22. f4 (22. Rc4 $142 Rxe5 23. Rc7+ Kf6 24. Bc4) 22... Nf5 23. R4d3 (23. Ra4 $17 Rxa4 24. Bxa4) 23... h4 $19 24. a3 Rg8 25. Ba2 g5 26. b4 Ra7 27. fxg5 Rxg5 28. R1d2 Ng3 29. Kb2 Rxe5 30. c4 Ne4 31. Re3 Nxd2 32. Rxe5 {[%emt 0:00:09] [#]} f5 $1 {[%emt 0:00:29] Hoping for ...Ne4.} 33. Re2 Ne4 34. Bb1 Bb7 35. Kb3 Ra8 36. b5 Rd8 {[%emt 0:05:51] Threatens to win with ...Nd2+.} 37. Kb4 Ng3 38. Rf2 (38. Rb2 {was called for.} Ne4 39. Re2) 38... e5 {[%emt 0:02:44][%cal Be6e5,Be5e4][%mdl 32] Strongly threatening ...e4. Black is clearly winning.} 39. c5 e4 {[%emt 0:00:11] ...e3 is the strong threat.} 40. c6 {[%emt 0:00:09] [#]} Bxc6 41. bxc6 (41. Bxe4 Bxe4) 41... Rb8+ {[%emt 0:30:08][%mdl 64] Skewer.  Weighted Error Value: White=0.37/Black=0.09 (flawless)} 0-1